 Dungeon Crawl Stone Soup version 0.22.1-1-ga44c0e56f4 (webtiles) character file.

693 AlolanVulpixel the Shield-Bearer (level 7, 0/44 HPs)
             Began as a Gargoyle Fighter on Sept 26, 2018.
             Was an Initiate of Ru.
             Slain by Duvessa
             ... wielding a +0 short sword
              (9 damage)
             ... on level 3 of the Dungeon.
             The game lasted 00:15:09 (3590 turns).

AlolanVulpixel the Shield-Bearer (Gargoyle Fighter) Turns: 3590, Time: 00:15:10

Health: 0/44       AC: 15    Str: 26    XL:     7   Next: 64%
Magic:  7/7        EV:  9    Int:  9    God:    Ru [......]
Gold:   197        SH: 10    Dex:  9    Spells: 6/6 levels left

rFire    . . .     SeeInvis .   r - -3 hand axe (curse)
rCold    . . .     Gourm    .   c - +0 shield
rNeg     + . .     Faith    .   b - +0 scale mail
rPois    ∞         Spirit   .   g - +1 helmet
rElec    +         Reflect  .   (no cloak)
rCorr    .         Harm     .   q - +0 pair of gloves
MR       .....                  (no boots)
Stlth    ..........             j - amulet of the acrobat
HPRegen  0.14/turn              l - ring of flight
MPRegen  0.10/turn              (no ring)

@: mighty, glowing
A: negative energy resistance 1, electricity resistance, unbreathing,
petrification resistance, rot immunity, disrupted magic 1, AC +4
a: Renounce Religion, Evoke Flight


You were on level 3 of the Dungeon.
You worshipped Ru.
Ru was noncommittal.
You were not hungry.

You visited 1 branch of the dungeon, and saw 4 of its levels.

You collected 197 gold pieces.

Inventory:

Hand Weapons
 a - a +0 flail
 r - a cursed -3 hand axe (weapon)
Missiles
 n - 3 javelins (quivered)
 p - 6 tomahawks
Armour
 b - a +0 scale mail (worn)
 c - a +0 shield (worn)
 g - a +1 helmet (worn)
 q - a +0 pair of gloves (worn)
Jewellery
 j - an amulet of the acrobat (around neck)
 l - a ring of flight (left hand)
Scrolls
 k - a scroll of identify
 m - 2 scrolls of immolation
 o - 2 scrolls of magic mapping
Potions
 i - a potion of lignification
Comestibles
 f - a ration


   Skills:
 * Level 4.9 Fighting
 + Level 1.3(2.7) Axes
 * Level 4.1(4.3) Maces & Flails
 * Level 4.5 Armour
 * Level 2.3 Dodging
 + Level 0.3 Stealth
 * Level 5.7 Shields


You had 6 spell levels left.
You didn't know any spells.
Your spell library contained the following spells:

 Spells                   Type           Power        Failure   Level  Hunger
 Magic Dart               Conj           #...         98%         1    ##.....
 Blink                    Tloc           N/A          99%         2    ###....
 Call Imp                 Summ           #.......     99%         2    ###....
 Slow                     Hex            #.......     99%         2    ###....
 Conjure Flame            Conj/Fire      #.......     100%        3    ####...
 Mephitic Cloud           Conj/Pois/Air  #.......     100%        3    ####...


Dungeon Overview and Level Annotations

Branches:
Dungeon (4/15)
 Temple: D:4-7

Altars:
Dithmenos
Elyvilon
Fedhas
Nemelex Xobeh
Ru
Uskayaw
Xom

Annotations:
D:3 Duvessa


Innate Abilities, Weirdness & Mutations

You are resistant to torment.
Your stone body is resilient. (AC +4)
You are immune to poison.
You resist negative energy. (rN+)
You are resistant to electric shocks. (rElec)
You can survive without breathing.
You are immune to petrification.
You are immune to rotting.
Your casting is slightly disrupted.


Message History

Dowan hits you with a dagger.
You hit Dowan.
You kill Dowan!
Duvessa screams in rage.
Duvessa goes berserk!
You closely miss Duvessa. You block Duvessa's attack.
Duvessa hits you with a short sword.
You hit Duvessa.
Duvessa is moderately wounded.
Duvessa hits you but does no damage. Duvessa hits you with a short sword.
* * * LOW HITPOINT WARNING * * *
You feel very mighty all of a sudden. You block Duvessa's attack.
Your shield and scale mail prevent you from hitting Duvessa.
Duvessa is moderately wounded.
Duvessa hits you but does no damage. Duvessa hits you with a short sword.
* * * LOW HITPOINT WARNING * * *
Your shield and scale mail prevent you from hitting Duvessa.
Duvessa is moderately wounded.
Duvessa hits you with a short sword!
You die...

.......#..........#
....#.............#
#.)....(..........#
....#..#<.........#
..................#
##.###...........## #..#
####........## #.##
#.......e..#### #.##
#.)......@....#### ...#
#.....(..).......# ...#
#..........#.....# ...#
#..........#.....#######
...######..........####.......#
......####.)....##.####.......#
...##.........................#
...####################.......#
#### #########


You could see Duvessa (berserk).

Vanquished Creatures
  Eustachio (D:2)
  The ghost of Knicklaso the Cutter, an amateur HaAK of Lugonu (D:3)
  A scorpion (D:4)
  Dowan (D:3)
  A howler monkey (D:4)
  A bullfrog zombie (D:4)
  A bullfrog skeleton (D:4)
  2 hounds (D:4)
  An orc wizard (D:4)
  Terence (D:2)
  8 adders
  2 worms
  4 dart slugs
  4 leopard geckos
  8 orcs
  2 giant cockroaches
  10 hobgoblins
  11 jackals
  A quokka (D:3)
  A ball python (D:3)
  7 bats
  2 frilled lizards
  4 goblins
  9 kobolds
  4 rats
88 creatures vanquished.

Vanquished Creatures (others)
  A bat (D:2)
1 creature vanquished.

Grand Total: 89 creatures vanquished

Notes
Turn   | Place    | Note
-------+----------+-------------------------------------------
     0 | D:1      | AlolanVulpixel the Gargoyle Fighter began the quest for the
                  | Orb.
     0 | D:1      | Reached XP level 1. HP: 14/14 MP: 1/1
    76 | D:1      | Reached XP level 2. HP: 15/19 MP: 2/2
   339 | D:1      | Reached XP level 3. HP: 18/23 MP: 3/3
   683 | D:2      | Found a faded altar of an unknown god.
   690 | D:2      | Became a worshipper of Ru the Awakened
   760 | D:2      | Gained mutation: Your casting is slightly disrupted. [Ru
                  | sacrifice]
   820 | D:2      | Noticed Terence
   832 | D:2      | Killed Terence
   832 | D:2      | Reached XP level 4. HP: 28/29 MP: 4/4
   843 | D:2      | Found a white marble altar of Elyvilon.
  1135 | D:2      | Found a shadowy altar of Dithmenos.
  1287 | D:2      | Reached skill level 4 in Shields
  1376 | D:3      | Reached XP level 5. HP: 33/33 MP: 5/5
  1410 | D:3      | Reached skill level 1 in Dodging
  1578 | D:3      | Found a blossoming altar of Fedhas.
  1612 | D:3      | Found a sparkling altar of Nemelex Xobeh.
  1739 | D:3      | Noticed Knicklaso's ghost (amateur HaAK)
  1759 | D:3      | Found a runed gate.
  1761 | D:3      | Found a hide-covered altar of Uskayaw.
  1894 | D:3      | Found a runed gate.
  1894 | D:3      | Found a runed gate.
  2166 | D:3      | Killed Knicklaso's ghost
  2166 | D:3      | Reached XP level 6. HP: 27/38 MP: 6/6
  2396 | D:4      | Reached skill level 5 in Shields
  2471 | D:4      | Reached skill level 1 in Axes
  2471 | D:4      | Reached XP level 7. HP: 4/43 MP: 7/7
  2478 | D:4      | Noticed Eustachio
  2532 | D:4      | Noticed Duvessa
  2546 | D:4      | Noticed Dowan
  2548 | D:4      | Found a shimmering altar of Xom.
  3316 | D:2      | Killed Eustachio
  3586 | D:3      | Killed Dowan
  3590 | D:3      | Slain by Duvessa

Skill      XL: |  1  2  3  4  5  6  7 |
---------------+----------------------+-----
Maces & Flails | 3 4 |  4.1
Shields        | 4 5 |  5.7
Dodging        | 1 2 |  2.3
Armour         | 4 |  4.5
Fighting       | 4 |  4.9
Axes           | 1 |  1.3
Stealth        | |  0.3

Action                   |  1- 3 |  4- 6 |  7- 9 || total
-------------------------+-------+-------+-------++-------
Melee: Flail             |   151 |   152 |       ||   303
       Hand axe          |       |   227 |   214 ||   441
Throw: Javelin           |       |     3 |       ||     3
Invok: Sacrifice Essence |     1 |       |       ||     1
  Use: Scroll            |       |     8 |     2 ||    10
       Potion            |       |     5 |     1 ||     6
  Eat: Ration            |       |     2 |     2 ||     4
Armor: Scale mail        |   115 |   253 |   266 ||   634
Dodge: Dodged            |    46 |   163 |   219 ||   428
Block: Shield            |   109 |   238 |   236 ||   583
